 Dungeon Crawl Stone Soup version 0.30.0-29-ga12c61a403 (webtiles) character file.

Game seed: 12039650177832773465

18 GimliDwarf the Gusty (level 2, -1/15 HPs)
             Began as a Tengu Air Elementalist on June 7, 2023.
             Was a Follower of Cheibriados.
             Slain by an adder (4 damage)
             ... on level 2 of the Dungeon.
             The game lasted 00:03:14 (1149 turns).

GimliDwarf the Gusty (Tengu Air Elementalist)       Turns: 1149, Time: 00:03:14

Health: -1/15      AC:  2    Str: 10    XL:     2   Next: 70%
Magic:  0/6        EV: 12    Int: 17    God:    Cheibriados [*.....]
Gold:   48         SH:  0    Dex: 16    Spells: 2/5 levels left

rFire   . . .        (no weapon)
rCold   . . .        (no shield)
rNeg    . . .        a - +0 robe
rPois   .            (helmet restricted)
rElec   .            (no cloak)
rCorr   .            (no gloves)
SInv    .            (boots unavailable)
Will    .....        (no amulet)
Stlth   ++           (no ring)
HPRegen 0.22/turn    (no ring)
MPRegen 0.10/turn

%: no passive effects
@: very slow
A: beak, talons 3
a: Renounce Religion, Bend Time


You were on level 2 of the Dungeon.
You worshipped Cheibriados.
Cheibriados was aware of your devotion.
You visited 1 branch of the dungeon, and saw 2 of its levels.

You collected 48 gold pieces.

Inventory:

Armour
 a - a +0 robe (worn)
Scrolls
 c - a scroll of noise {unknown}
 d - a scroll of identify {unknown}
 e - a scroll of teleportation {unknown}
Potions
 b - 2 potions of magic


   Skills:
 - Level 2.1 Dodging
 - Level 2.0 Stealth
 + Level 2.2 Spellcasting
 * Level 2.0 Conjurations
 + Level 4.7 Air Magic


You had 2 spell levels left.
You knew the following spells:

 Your Spells              Type           Power      Damage    Failure   Level
a - Shock                 Conj/Air       52%        1d6       4%          1
b - Static Discharge      Conj/Air       26%        2-4/arc   7%          2

Your spell library contained the following spells:

 Spells                   Type           Power      Damage    Failure   Level
 Swiftness                Air            18%        N/A       9%          3
 Airstrike                Air            9%         2d(2-18)  26%         4


Dungeon Overview and Level Annotations

Branches:
Dungeon (2/15)

Altars:
Cheibriados


Innate Abilities, Weirdness & Mutations

You have a beak for a mouth.
You have claws for feet.


Message History

The jackal is heavily wounded.
The jackal barks!
The jackal barely misses you. The jackal bites you.
Aiming: Shock (safe; 4% risk of failure)
Press: ? - help, Q - select action, (/) - cycle Shift-Dir - straight line, f/p - jackal
Aim: a jackal (heavily wounded, 60% to hit)
The zap hits the jackal.
You kill the jackal!
Cheibriados thoroughly appreciates the change of pace.
The zap hits the jackal.
You kill the jackal!
Cheibriados thoroughly appreciates the change of pace.
Your Conjurations skill increases to level 2!
HP restored.
An adder comes into view.
The adder hisses angrily.
There is a stone staircase leading up here.
Aiming: Shock (safe; 4% risk of failure)
Press: ? - help, Q - select action, (/) - cycle Shift-Dir - straight line The zap misses the adder. x2
The adder bites you. x2
Aiming: Shock (safe; 4% risk of failure)
Press: ? - help, Q - select action, (/) - cycle Shift-Dir - straight line The zap hits the adder.
The adder is moderately wounded.
The zap misses the adder.
The adder bites you.
You hit the adder. You claw the adder.
The adder is heavily wounded.
The adder bites you.
* * * LOW HITPOINT WARNING * * *
You miss the adder. You claw the adder.
The adder is heavily wounded.
The adder bites you.
* * * LOW HITPOINT WARNING * * *
The adder barely misses you.
You closely miss the adder. You claw the adder. Your peck misses the adder.
The adder is almost dead.
The adder bites you.
You die...

#. ... †..
#.#
#########..
......†.#
...#####..#.#
.......@S..#
!.........##
...........#
...#####....#
.. .....?.# .
#####.#..#
.#.## .. .
##.##


You could see an adder.

Vanquished Creatures
  An endoplasm (D:1)
  2 goblins (D:1)
  A hobgoblin (D:1)
  4 jackals (D:2)
  A kobold (D:1)
  4 ball pythons
  2 frilled lizards (D:1)
  3 rats (D:1)
18 creatures vanquished.

Notes
Turn   | Place    | Note
-------+----------+-------------------------------------------
     0 | D:1      | GimliDwarf the Tengu Air Elementalist began the quest for
                  | the Orb.
     0 | D:1      | Reached XP level 1. HP: 10/10 MP: 4/4
   347 | D:1      | Reached XP level 2. HP: 15/15 MP: 4/6
   350 | D:1      | Learned a level 2 spell: Static Discharge
   518 | D:1      | Found a faded altar of an unknown god.
   678 | D:1      | Prayed at the altar of an unknown god.
   678 | D:1      | Became a worshipper of Cheibriados the Contemplative
   678 | D:1      | Reached * piety under Cheibriados
  1149 | D:2      | Slain by an adder

Illustrated notes

Levels and vault maps discovered:
D:1:      lightli_arrival_chessboard, layout_rooms,
          hellmonk_ecumenical_altar_run_dry, minmay_door_square,
          chequers_serial_rivers_micro_d, patterned_corridor
D:2:      layout_loops_cross, chequers_serial_rivers_room_b

Skill      XL: |  1  2 |
---------------+-------+-----
Conjurations   | 2 |  2.0
Dodging        | |  2.1
Stealth        | |  2.0
Spellcasting   | |  2.2
Air Magic      | |  4.7

Action                     || total
---------------------------++-------
  Melee: Unarmed           ||     3
         Kick              ||     3
   Cast: Shock             ||    35
 Armour: Robe              ||     4
  Dodge: Dodged            ||    10
